 Dungeon Crawl Stone Soup version 0.17.0-23-g0de4337 (webtiles) character file.

11097 septik the Basher (level 11, -6/72 HPs)
             Began as a Gargoyle Gladiator on Nov 15, 2015.
             Was a High Priest of Okawaru.
             Mangled by a gargoyle
             ... wielding a +0 flail
              (8 damage)
             ... in a labyrinth.
             The game lasted 00:25:20 (10358 turns).

septik the Basher (Gargoyle Gladiator)             Turns: 10358, Time: 00:25:20

Health: -6/72      AC: 24    Str: 19    XL:     11   Next: 72%
Magic:  11/11      EV:  9    Int:  9    God:    Okawaru [*****.]
Gold:   420        SH:  0    Dex: 17    Spells: 0 memorised, 10 levels left

rFire  . . .     SeeInvis .     g - +3 whip (vamp)
rCold  . . .     Clarity  +     y - +1 chain mail
rNeg   + . .     SustAt   +     (no shield)
rPois  ∞         Gourm    .     x - +2 helmet
rElec  +         Spirit   .     (no cloak)
rCorr  .         Warding  .     R - +0 pair of gloves
rMut   .         Stasis   .     (no boots)
MR     .....                    J - amulet of clarity
Stlth  ..........               T - ring of sustain attributes
                                s - +4 ring of dexterity

@: not resistant to hostile enchantments, extremely unstealthy
A: negative energy resistance 1, electricity resistance, unbreathing,
petrification resistance, rot immunity, AC +7
a: Heroism, Finesse, Renounce Religion


You were in a labyrinth.
You worshipped Okawaru.
Okawaru was extremely pleased with you.
You were hungry.

You visited 2 branches of the dungeon, and saw 12 of its levels.
You visited the Abyss 1 time.
You also visited: Labyrinth.

You collected 420 gold pieces.

Inventory:

Hand Weapons
 a - a +0 quarterstaff
 c - a +1 whip of flaming
 g - a +3 vampiric whip (weapon)
 z - a +6 club
Missiles
 h - 319 stones
 i - 90 sling bullets
 V - 4 javelins of penetration
 Y - 3 throwing nets (quivered)
Armour
 x - a +2 helmet (worn)
 y - a +1 chain mail (worn)
 R - a +0 pair of gloves (worn)
Jewellery
 s - a +4 ring of dexterity (left hand)
 C - an uncursed ring of protection from fire
 J - an amulet of clarity (around neck)
 N - an uncursed amulet of warding
 O - an uncursed ring of protection from fire
 P - an uncursed amulet of resist corrosion
 T - a ring of sustain attributes (right hand)
Wands
 U - a wand of magic darts (13)
 X - a wand of random effects (20)
Scrolls
 l - 4 scrolls of enchant weapon
 m - a scroll of identify
 p - a scroll of random uselessness {unknown}
 B - 2 scrolls of teleportation
 D - a scroll of fear {unknown}
 H - 2 scrolls of recharging
 K - a scroll of immolation {unknown}
 Z - a scroll of brand weapon {unknown}
Potions
 d - a potion of brilliance {unknown}
 e - a potion of experience {unknown}
 f - a potion of magic
 n - 2 potions of cancellation
 o - a potion of flight
 q - a potion of might
 r - 3 potions of degeneration
 v - 2 potions of ambrosia
 A - 6 potions of curing
 I - 2 potions of agility {unknown}
 M - 2 potions of haste {unknown}
 Q - a potion of lignification {unknown}
 W - a potion of heal wounds
Books
 k - the Volume of Bewitchment
   (You found it on level 9 of the Dungeon)

   Spells                             Type                      Level
   a - Ensorcelled Hibernation        Hexes/Ice                    2
   b - Confusing Touch                Hexes                        2
   c - Cause Fear                     Hexes                        4
   d - Silence                        Hexes/Air                    5
 G - a book of Envenomations

   Spells                             Type                      Level
   a - Spider Form                    Transmutation/Poison         3
   b - Alistair's Intoxication        Transmutation/Poison         4
   c - Olgreb's Toxic Radiance        Poison                       4
   d - Poisonous Cloud                Conjuration/Poison/Air       6
 S - a book of the Tempests

   Spells                             Type                      Level
   a - Static Discharge               Conjuration/Air              3
   b - Lightning Bolt                 Conjuration/Air              5
   c - Fireball                       Conjuration/Fire             5
   d - Tornado                        Air                          9
   e - Shatter                        Earth                        9
Miscellaneous
 F - a plain deck of escape
Comestibles
 b - 4 meat rations
 t - 8 bread rations
 w - 3 beef jerkies
 E - 2 fruits
 L - 8 slices of pizza


   Skills:
 + Level 10.1 Fighting
 * Level 12.4(12.6) Maces & Flails
 - Level 4.0(9.1) Staves
 - Level 1.7 Throwing
 + Level 9.9 Armour
 - Level 2.4 Dodging


You had 10 spell levels left.
You didn't know any spells.

Dungeon Overview and Level Annotations

Branches:
Dungeon (11/15)            Temple (1/1) D:4            Lair (0/8) D:11
    Orc: D:9-12

Altars:
Ashenzari
Cheibriados
Dithmenos
Elyvilon
Fedhas
Gozag
Kikubaaqudgha
Makhleb
Nemelex Xobeh
Okawaru
Ru
Sif Muna
Trog
Vehumet
Xom
Yredelemnul
Zin
The Shining One

Annotations:
D:9 invis thing


Innate Abilities, Weirdness & Mutations

You are resistant to torment.
Your stone body is resilient (AC +7).
You are immune to poison.
You resist negative energy.
You are resistant to electric shocks.
You can survive without breathing.
You are immune to petrification.
You are immune to rotting.


Message History

The gargoyle hits you but does no damage.
You hit the gargoyle but do no damage.
The gargoyle is almost destroyed.
You hit the gargoyle but do no damage.
The gargoyle is almost destroyed.
The gargoyle hurls a stone arrow at you.
The stone arrow misses you.
You hit the gargoyle but do no damage.
The gargoyle is severely damaged.
You hit the gargoyle but do no damage.
The gargoyle is severely damaged.
The gargoyle hurls a stone arrow at you.
The stone arrow hits you!
* * * LOW HITPOINT WARNING * * *
You barely miss the gargoyle.
The gargoyle is severely damaged.
You hit the gargoyle but do no damage.
The gargoyle is severely damaged.
The gargoyle hits you with a flail!
You die...

# # ≈ ≈≈
≈≈≈ . # # .
.$ ..##
..≈. ≈≈≈ .
# ### ≈ .##
. #.#.≈≈≈≈≈
≈.. #.#≈≈.
.≈ .. #.#
..≈. ≈..
#.#.###.#.#
# #
#...@9))# #
###.#####.#
#.#...# .#
# ###. #. #
#. #. ..# #
### . .


You could see a gargoyle.

Vanquished Creatures
  Erica (D:8)
  3 hill giants
  Pikel (D:5)
  A cyclops (D:9)
  Joseph (D:8)
  Psyche (D:8)
  3 gargoyles (Lab)
  The ghost of puimuR the Chopper, a novice DsSk (D:6)
  A troll (D:10)
  Grinder (D:6)
  Prince Ribbit (D:9)
  Sigmund (D:6)
  A wyvern (D:9)
  3 hippogriffs (D:10)
  A human (D:8)
  Eustachio (D:6)
  A deep elf mage (D:9)
  3 yaks (D:10)
  Menkaure (D:5)
  A water moccasin (D:9)
  2 slaves (D:5)
  An ice beast (D:10)
  An orc warrior (D:10)
  2 eyes of draining (D:4)
  2 phantoms
  A necrophage (D:9)
  7 centaurs
  2 ogres
  Blork the orc (D:6)
  2 gnoll sergeants
  5 giant frogs
  2 scorpions
  A water moccasin skeleton (D:7)
  3 killer bees (D:8)
  7 wights
  A wasp zombie (D:8)
  3 crimson imps
  A quasit (D:7)
  2 jellies
  8 hounds
  A centaur skeleton (D:9)
  4 orc priests
  5 orc wizards
  2 giant frog skeletons
  Jessica (D:3)
  12 worker ants
  4 iguanas
  4 sheep (D:8)
  A hound skeleton (D:4)
  2 hound zombies
  Robin (D:3)
  11 adders
  A worker ant zombie (D:6)
  12 gnolls
  2 shadow imps
  2 oozes
  An adder zombie (D:6)
  An adder skeleton (D:9)
  3 worms
  5 giant geckos
  26 orcs
  A ball python (D:6)
  10 bats
  3 giant cockroaches
  12 hobgoblins
  5 jackals
  6 quokkas
  A giant gecko skeleton (D:4)
  A giant gecko zombie (D:8)
  A giant newt (D:6)
  2 gnoll zombies (D:3)
  18 goblins
  6 kobolds
  A quokka skeleton (D:8)
  A quokka zombie (D:5)
  10 rats
261 creatures vanquished.

Vanquished Creatures (others)
  2 jackals (D:5)
2 creatures vanquished.

Grand Total: 263 creatures vanquished

Notes
Turn   | Place    | Note
--------------------------------------------------------------
     0 | D:1      | septik the Gargoyle Gladiator began the quest for the Orb.
     0 | D:1      | Reached XP level 1. HP: 12/12 MP: 1/1
   212 | D:1      | Reached XP level 2. HP: 15/17 MP: 2/2
   627 | D:1      | Reached XP level 3. HP: 20/22 MP: 3/3
   885 | D:1      | Reached skill level 1 in Armour
  1179 | D:2      | Reached skill level 4 in Staves
  1528 | D:2      | Reached XP level 4. HP: 27/27 MP: 4/4
  1759 | D:3      | Reached skill level 1 in Maces & Flails
  1775 | D:3      | Noticed Robin
  1776 | D:3      | Noticed Jessica
  1802 | D:3      | Killed Jessica
  1821 | D:3      | Killed Robin
  1823 | D:3      | Reached XP level 5. HP: 32/32 MP: 5/5
  2083 | D:3      | Noticed a giant frog
  2093 | D:3      | Killed a giant frog
  2545 | D:3      | Reached XP level 6. HP: 12/37 MP: 6/6
  2871 | D:3      | Found a basalt altar of Yredelemnul.
  3453 | D:4      | Found a staircase to the Ecumenical Temple.
  3460 | Temple   | Entered the Ecumenical Temple
  3670 | Temple   | Became a worshipper of Warmaster Okawaru
  3804 | D:4      | Found a bloodstained altar of Trog.
  3829 | D:4      | Reached XP level 7. HP: 43/43 MP: 0/7
  4142 | D:5      | Entered Level 5 of the Dungeon
  4161 | D:5      | Noticed Pikel
  4188 | D:5      | Reached skill level 5 in Maces & Flails
  4292 | D:5      | Killed Pikel
  4292 | D:5      | Reached * piety under Okawaru
  4292 | D:5      | Reached ** piety under Okawaru
  4292 | D:5      | Reached skill level 5 in Fighting
  4292 | D:5      | Reached skill level 6 in Maces & Flails
  4292 | D:5      | Reached skill level 5 in Armour
  4292 | D:5      | Reached XP level 8. HP: 15/50 MP: 8/8
  4478 | D:5      | Noticed Menkaure
  4499 | D:5      | Killed Menkaure
  4499 | D:5      | Reached skill level 7 in Maces & Flails
  4527 | D:5      | Noticed a hungry ghost
  4538 | D:6      | Noticed Blork the orc
  4578 | D:6      | Killed Blork the orc
  4745 | D:6      | Noticed puimuR's ghost (novice DsSk)
  4766 | D:6      | Killed puimuR's ghost
  4766 | D:6      | Reached XP level 9. HP: 54/56 MP: 9/9
  4913 | D:6      | Noticed Grinder
  4944 | D:6      | Paralysed by Grinder for 5 turns
  4952 | D:6      | Killed Grinder
  4952 | D:6      | Reached *** piety under Okawaru
  4952 | D:6      | Reached skill level 8 in Maces & Flails
  5040 | D:6      | Noticed Eustachio
  5151 | D:6      | Killed Eustachio
  5373 | D:6      | Noticed Sigmund
  5401 | D:6      | Killed Sigmund
  5557 | D:6      | Reached skill level 9 in Maces & Flails
  5897 | D:7      | Reached **** piety under Okawaru
  6054 | D:7      | Reached XP level 10. HP: 59/64 MP: 10/10
  6248 | D:7      | Found a sacrificial altar of Ru.
  6342 | D:8      | Noticed Psyche
  6498 | D:8      | Noticed Joseph
  6523 | D:8      | Killed Joseph
  6562 | D:8      | Reached skill level 10 in Maces & Flails
  6630 | D:8      | Found a radiant altar of Vehumet.
  6630 | D:8      | Found a glowing silver altar of Zin.
  6751 | D:8      | Noticed Erica
  6821 | D:8      | Killed Erica
  6821 | D:8      | Reached ***** piety under Okawaru
  7045 | D:8      | Cast into the Abyss (Psyche)
  7059 | D:8      | Escaped the Abyss
  7073 | D:8      | Killed Psyche
  7379 | D:9      | Noticed a cyclops
  7398 | D:9      | Killed a cyclops
  7398 | D:9      | Reached skill level 11 in Maces & Flails
  7470 | D:9      | Noticed Prince Ribbit
  7616 | D:9      | Identified the Volume of Bewitchment
  7920 | D:9      | Killed Prince Ribbit
  7920 | D:9      | Reached XP level 11. HP: 71/71 MP: 11/11
  8051 | D:10     | Entered Level 10 of the Dungeon
  8075 | D:10     | Received a gift from Okawaru
  8259 | D:10     | Noticed a hill giant
  8659 | D:9      | Killed a hill giant
  8920 | D:10     | Noticed a hill giant
  8927 | D:10     | Noticed a hill giant
  9088 | D:10     | Killed a hill giant
  9097 | D:10     | Killed a hill giant
  9097 | D:10     | Received a gift from Okawaru
  9097 | D:10     | Reached skill level 12 in Maces & Flails
  9971 | D:10     | Reached skill level 10 in Fighting
 10084 | D:11     | Found a labyrinth entrance.
 10088 | Lab      | Entered a labyrinth
 10356 | Lab      | HP: 2/72 [gargoyle/stone arrow (5)]
 10358 | Lab      | Mangled by a gargoyle

Action                   |  1- 3 |  4- 6 |  7- 9 | 10-12 || total
-------------------------+-------+-------+-------+-------++-------
Melee: Quarterstaff      |    71 |       |       |       ||    71
       Whip              |    34 |   293 |   583 |  1040 ||  1950
Throw: Throwing net      |     1 |     1 |     2 |     2 ||     6
       Stone             |       |     2 |       |       ||     2
Invok: Heroism           |       |       |       |     5 ||     5
       Finesse           |       |       |       |     3 ||     3
  Use: Scroll            |       |    14 |       |     2 ||    16
       Potion            |       |       |       |     3 ||     3
 Stab: Invisible         |       |       |       |    12 ||    12
       Sleeping          |       |       |       |     1 ||     1
  Eat: Bread ration      |     2 |       |       |       ||     2
       Chunk             |       |     5 |     8 |    16 ||    29
